 Dungeon Crawl Stone Soup version 0.30.1-11-g7821555f0a (webtiles) character file.

Game seed: 5524405041059430513

774 insertapun the Sneak (level 7, -2/62 HPs)
             Began as a Naga Enchanter on Nov 30, 2023.
             Was a Priest of Makhleb.
             Slain by an iguana (11 damage)
             ... on level 5 of the Dungeon on Dec 1, 2023.
             The game lasted 00:34:28 (2567 turns).

insertapun the Sneak (Naga Enchanter)               Turns: 2567, Time: 00:34:28

Health: -2/62      AC:  6    Str: 12    XL:     7   Next: 84%
Magic:  11/11      EV: 10    Int: 15    God:    Makhleb [***...]
Gold:   198        SH:  0    Dex: 12    Spells: 5/11 levels left

rFire   + . .        f - +4 falchion
rCold   x . .        (no shield)
rNeg    . . .        b - +1 robe
rPois   +            (no helmet)
rElec   .            l - +0 cloak
rCorr   .            y - +0 pair of gloves
SInv    +            (no barding)
Will    .....        (no amulet)
Stlth   +++          g - ring of fire
HPRegen 0.30/turn    (no ring)
MPRegen 0.12/turn

%: no passive effects
@: very slow
A: AC +2, large, see invisible, deformed body, poison resistance, slowness 2,
spit poison 1, naga tail 1
a: Spit Poison, Renounce Religion, Minor Destruction, Lesser Servant of Makhleb


You were on level 5 of the Dungeon.
You worshipped Makhleb.
Makhleb was most pleased with you.
You visited 1 branch of the dungeon, and saw 5 of its levels.

You collected 198 gold pieces.

Inventory:

Hand Weapons
 a - a +1 dagger
 d - a +5 halberd
 f - a +4 falchion (weapon)
 i - a +0 spear
Missiles
 q - 3 atropa-tipped darts
 B - 4 poisoned darts
Armour
 b - a +1 robe (worn)
 e - a +0 scale mail
 l - a +0 cloak (worn)
 y - a +0 pair of gloves (worn)
Jewellery
 g - a ring of fire (left hand)
Wands
 z - a wand of roots (4)
Scrolls
 m - a scroll of blinking {unknown}
 n - 2 scrolls of identify
 p - a scroll of amnesia
 s - a scroll of vulnerability {unknown}
 t - 2 scrolls of teleportation {unknown}
 C - a scroll of magic mapping {unknown}
 D - a scroll of enchant armour
Potions
 c - a potion of invisibility
 h - a potion of degeneration {unknown}
 j - a potion of ambrosia {unknown}
 k - a potion of might {unknown}
 o - a potion of brilliance {unknown}
 r - a potion of magic
 u - a potion of curing {unknown}
 v - a potion of flight {unknown}
 w - a potion of attraction {unknown}
 x - 2 potions of lignification {unknown}
 A - a potion of haste {unknown}


   Skills:
 + Level 3.3 Fighting
 + Level 1.0(3.0) Short Blades
 + Level 4.5(4.6) Long Blades
 + Level 3.0 Dodging
 + Level 6.7 Stealth
 + Level 2.7 Spellcasting
 + Level 4.1 Hexes
 + Level 0.1 Ice Magic
 + Level 0.1 Invocations
 + Level 0.3 Evocations


You had 5 spell levels left.
You knew the following spells:

 Your Spells              Type           Power      Damage    Failure   Level
a - Ensorcelled Hibernat  Hex/Ice        16%        N/A       13%         2
b - Slow                  Hex            56%        N/A       3%          1
c - Tukima's Dance        Hex            14%        N/A       12%         3

Your spell library contained the following spells:

 Spells                   Type           Power      Damage    Failure   Level
 Confusing Touch          Hex            14%        N/A       12%         3
 Dazzling Flash           Conj/Hex       16%        N/A       26%         3
 Blink                    Tloc           4%         N/A       30%         2
 Lesser Beckoning         Tloc           4%         N/A       30%         2
 Momentum Strike          Conj/Tloc      4%         3d8       30%         2
 Passwall                 Tmut/Erth      1%         N/A       30%         2
 Swiftness                Air            2%         N/A       52%         3
 Vampiric Draining        Necr           2%         2d6       52%         3


Dungeon Overview and Level Annotations

Branches:
Dungeon (5/15)
 Temple: D:4-7

Altars:
Cheibriados
Elyvilon
Gozag
Hepliaklqana
Kikubaaqudgha
Makhleb
Okawaru
Uskayaw
Wu Jian
Xom
The Shining One

Shops:
D:5 [


Innate Abilities, Weirdness & Mutations

Your serpentine skin is tough. (AC +2)
You have supernaturally acute eyesight. (SInv)
Armour fits poorly on your strangely shaped body.
Your system is resistant to poisons. (rPois)
You cover ground very slowly.
You can spit poison.
You have a snake-like lower body.


Message History

The gnoll hits you with a +0 club.
You closely miss the gnoll.
The gnoll is heavily wounded.
The gnoll hits you but does no damage.
You hit the gnoll.
The gnoll is almost dead.
The gnoll hits you but does no damage.
You slash the gnoll!
You kill the gnoll!
Makhleb accepts your kill.
You closely miss the white imp.
The white imp hits you but does no damage.
You hit the white imp.
The white imp is heavily wounded.
The white imp barely misses you.
You barely miss the white imp.
The white imp is heavily wounded.
The white imp sputters.
The white imp gestures at you. The puff of frost hits you!
You feel a terrible chill!
You barely miss the white imp.
The white imp is heavily wounded.
The white imp hits you. The white imp freezes you.
You feel a terrible chill!
You slash the white imp!
You kill the white imp!
Makhleb accepts your kill.
You feel better.
You hit the iguana but do no damage. The iguana barely misses you.
You barely miss the iguana. The iguana completely misses you.
The iguana bites you!
* * * LOW HITPOINT WARNING * * *
You hit the iguana.
The iguana is lightly wounded.
The iguana bites you!
* * * LOW HITPOINT WARNING * * *
Okay, then.
You hit the iguana.
The iguana is moderately wounded.
The iguana bites you!
You die...

..# S.# . ############ ..# ..
#..........# ..#... #..........#
.....# ###..........#
....################............#
..#.##.....).>)l@...............#
..........##.)########..........#
.............## #..........#
..........#### ##...J...###
...###... ##.....## .#..###.
##.....## ###.# # #..J....# # ...
##.......# ## .....^....#


You could see an iguana.

Vanquished Creatures
  A water moccasin (D:5)
  An ogre (D:4)
  A phantom (D:4)
  A bullfrog (D:4)
  2 scorpions (D:5)
  2 hounds
  A jelly (D:5)
  A gnoll bouda (D:5)
  A sleepcap (D:5)
  6 gnolls
  3 adders
  A shadow imp (D:5)
  A white imp (D:5)
  2 worms
  A dart slug (D:3)
  10 ball pythons
  4 bats
  3 endoplasms
  4 giant cockroaches
  5 goblins
  4 hobgoblins
  7 jackals
  2 kobolds
  A quokka (D:3)
  2 frilled lizards
  7 rats
74 creatures vanquished.

Vanquished Creatures (collateral kills)
  2 gnolls (D:4)
2 creatures vanquished.

Grand Total: 76 creatures vanquished

Notes
Turn   | Place    | Note
-------+----------+-------------------------------------------
     0 | D:1      | insertapun the Naga Enchanter began the quest for the Orb.
     0 | D:1      | Reached XP level 1. HP: 15/15 MP: 3/3
   145 | D:1      | Found a faded altar of an unknown god.
   160 | D:1      | Prayed at the altar of an unknown god.
   160 | D:1      | Became a worshipper of Makhleb the Destroyer
   160 | D:1      | Reached * piety under Makhleb
   206 | D:1      | Reached XP level 2. HP: 15/22 MP: 5/5
   481 | D:2      | Learned a level 2 spell: Ensorcelled Hibernation
   483 | D:2      | Learned a level 1 spell: Slow
   572 | D:2      | Reached XP level 3. HP: 22/30 MP: 6/6
   583 | D:2      | Learned a level 3 spell: Tukima's Dance
   615 | D:2      | Reached skill level 5 in Stealth
   717 | D:2      | Reached ** piety under Makhleb
   809 | D:2      | Reached skill level 1 in Long Blades
  1031 | D:3      | Found a white marble altar of Elyvilon.
  1043 | D:3      | Reached skill level 1 in Fighting
  1050 | D:3      | Found a glowing golden altar of the Shining One.
  1053 | D:3      | Found an iron altar of Okawaru.
  1055 | D:3      | Found a hazy altar of Hepliaklqana.
  1058 | D:3      | Found an opulent altar of Gozag.
  1058 | D:3      | Found a hide-covered altar of Uskayaw.
  1061 | D:3      | Found an ornate altar of the Wu Jian Council.
  1065 | D:3      | Found an ancient bone altar of Kikubaaqudgha.
  1137 | D:3      | Reached XP level 4. HP: 38/38 MP: 7/7
  1362 | D:3      | Found a shimmering altar of Xom.
  1789 | D:4      | Found a snail-covered altar of Cheibriados.
  1928 | D:4      | Noticed a phantom
  1948 | D:4      | Killed a phantom
  1949 | D:4      | Reached XP level 5. HP: 42/45 MP: 5/8
  2026 | D:4      | Reached skill level 6 in Stealth
  2026 | D:4      | Reached XP level 6. HP: 46/52 MP: 9/9
  2054 | D:5      | Entered Level 5 of the Dungeon
  2054 | D:5      | Found Putas's Armour Shoppe.
  2464 | D:5      | Noticed a water moccasin
  2475 | D:5      | Killed a water moccasin
  2476 | D:5      | Reached XP level 7. HP: 54/61 MP: 10/10
  2531 | D:5      | Reached *** piety under Makhleb
  2567 | D:5      | Slain by an iguana

Illustrated notes

Levels and vault maps discovered:
D:1:      lemuel_arrival_cross, layout_basic, ebering_ecumenical_altar_ruins,
          grunt_decor_fettered
D:2:      layout_loops_cross, minmay_crystal_room, minmay_misc_feat_x
D:3:      mumra_celtic_spiral_tile, layout_basic,
          nicolae_overflow_hallway_of_the_gods,
          mainiacjoe_overflow_small_starburst
D:4:      layout_loops_cross, mainiacjoe_overflow_alcove_1, slow_altar_1
D:5:      layout_rooms, serial_shops, shop, grunt_decor_one_mirror

Skill      XL: |  1  2  3  4  5  6  7 |
---------------+----------------------+-----
Stealth        | 5 6 |  6.7
Long Blades    | 1 2 3 4 |  4.5
Fighting       | 1 2 3 |  3.3
Dodging        | 2 3 |  3.0
Hexes          | 4 |  4.1
Short Blades   | |  1.0
Spellcasting   | |  2.7
Ice Magic      | |  0.1
Invocations    | |  0.1
Evocations     | |  0.3

Action                     |  1- 3 |  4- 6 |  7- 9 || total
---------------------------+-------+-------+-------++-------
  Melee: Falchion          |   106 |    97 |    46 ||   249
         Dagger            |     7 |       |       ||     7
         Punch             |     1 |       |     1 ||     2
   Cast: Ensorcelled Hiber |     2 |       |       ||     2
         Tukima's Dance    |     1 |     2 |       ||     3
         Slow              |       |     4 |       ||     4
 Invoke: Minor Destruction |       |       |     1 ||     1
Ability: Spit Poison       |     6 |     2 |     1 ||     9
  Evoke: Wand              |       |     2 |     2 ||     4
    Use: Scroll            |     4 |     3 |       ||     7
         Potion            |       |     4 |       ||     4
   Stab: Sleeping          |     8 |     6 |       ||    14
 Armour: Robe              |    35 |    32 |    12 ||    79
  Dodge: Dodged            |    68 |    57 |    22 ||   147
